 Dungeon Crawl Stone Soup version 0.29-a0-830-gcb1280458a (webtiles) character file.

Game seed: 18380441895451635004

119 valliere the Cudgeller (level 4, -3/36 HPs)
             Began as a Demonspawn Monk on July 11, 2022.
             Killed from afar by Sigmund (5 damage)
             ... with a magic dart
             ... on level 3 of the Dungeon.
             The game lasted 00:05:03 (2417 turns).

valliere the Cudgeller (Demonspawn Monk)            Turns: 2417, Time: 00:05:04

Health: -3/36      AC:  2    Str: 13    XL:     4   Next: 74%
Magic:  4/4        EV: 13    Int: 12    God:
Gold:   120        SH:  0    Dex: 15    Spells: 3/3 levels left

rFire   . . .      SeeInvis .   a - +0 mace
rCold   . . .      Faith    .   (no shield)
rNeg    . . .      Spirit   .   b - +0 robe
rPois   .          Reflect  .   (helmet restricted)
rElec   .          Harm     .   (no cloak)
rCorr   .          Rampage  .   (no gloves)
Will    .....                   (no boots)
Stlth   ++........              (no amulet)
HPRegen 0.12/turn               (no ring)
MPRegen 0.09/turn               (no ring)

@: no status effects
A: claws 1, horns 1, demonic guardian 1
a: no special abilities


You were on level 3 of the Dungeon.
You visited 1 branch of the dungeon, and saw 3 of its levels.

You collected 120 gold pieces.

Inventory:

Hand Weapons
 a - a +0 mace (weapon)
Armour
 b - a +0 robe (worn)
Magical Staves
 n - a staff of fire
Scrolls
 d - a scroll of amnesia {unknown}
 e - 4 scrolls of identify {unknown}
 h - 3 scrolls of teleportation {unknown}
 i - a scroll of acquirement {unknown}
 k - 2 scrolls of blinking {unknown}
 l - a scroll of magic mapping {unknown}
 o - a scroll of brand weapon {unknown}
Potions
 c - a potion of ambrosia
 f - 4 potions of curing
 g - a potion of might {unknown}
 j - a potion of cancellation {unknown}
 m - a potion of resistance {unknown}


   Skills:
 + Level 3.6 Fighting
 * Level 3.8 Maces & Flails
 + Level 3.2 Dodging
 + Level 2.6 Stealth


You had 3 spell levels left.
You didn't know any spells.
Your spell library contained the following spells:

 Spells                   Type           Power      Damage    Failure   Level
 Beastly Appendage        Tmut           0%         N/A       32%         1
 Wereblood                Tmut           0%         N/A       45%         2
 Spider Form              Tmut/Pois      0%         N/A       69%         3


Dungeon Overview and Level Annotations

Branches:
Dungeon (3/15)

Altars:
Hepliaklqana

Annotations:
D:3 Sigmund


Innate Abilities, Weirdness & Mutations

You have sharp fingernails.
You have a pair of small horns on your head.
A weak demonic guardian rushes to your aid.


Message History

The kobold is moderately wounded.
The kobold closely misses you.
You hit the kobold.
You kill the kobold!
Things that are here:
a +0 short sword; 3 stones; a kobold corpse A bat comes into view.
Sigmund the Dreaded comes into view.
He is wielding a +0 scythe.
You hit the bat.
You kill the bat!
Sigmund shouts!
Sigmund gestures at you while chanting. The magic dart hits you.
Okay, then.
Sigmund misses you. Sigmund barely misses you.
You hit Sigmund.
Sigmund is lightly wounded.
Sigmund points at you and mumbles some strange words.
The puff of flame hits you! Sigmund closely misses you.
You hit Sigmund.
Sigmund is moderately wounded.
You hit Sigmund. You headbutt Sigmund.
Sigmund is heavily wounded.
Sigmund points at you and mumbles some strange words.
The puff of flame hits you. Sigmund casts a spell at you.
The magic dart hits you!
You closely miss Sigmund.
Sigmund is heavily wounded.
Sigmund hits you with a +0 scythe!
* * * LOW HITPOINT WARNING * * *
A demonic guardian appears!
Your ufetubus barely misses Sigmund.
Your ufetubus closely misses Sigmund.
Your ufetubus misses Sigmund. Your ufetubus hits Sigmund.
Sigmund drinks a potion.
Sigmund is healed!
Your ufetubus closely misses Sigmund.
Your ufetubus barely misses Sigmund.
Sigmund casts a spell at you. The magic dart hits you.
You die...

....########.#.# #.#.......#.#
#.<............###.#########.#
................>#.#########.#
..............................
.............#.#.#.########
.............#.#.#......#
############.#.#.######.#
#####.#.#.# #........@#
#.........# #.........#
#.........# #......@..#
#......5..# #...........
#####'#...##8 #.#.### .#


You could see Sigmund (ally target) and a friendly ufetubus (summoned).

Vanquished Creatures
  A hound (D:3)
  Jessica (D:3)
  An adder (D:2)
  2 dart slugs (D:1)
  4 orcs (D:3)
  3 ball pythons (D:1)
  4 bats
  An endoplasm (D:2)
  A giant cockroach (D:1)
  7 goblins
  5 hobgoblins
  3 jackals (D:1)
  3 frilled lizards (D:2)
  6 kobolds
  2 rats
44 creatures vanquished.

Vanquished Creatures (others)
  A plant (D:3)
1 creature vanquished.

Grand Total: 45 creatures vanquished

Notes
Turn   | Place    | Note
-------+----------+-------------------------------------------
     0 | D:1      | valliere the Demonspawn Monk began the quest for the Orb.
     0 | D:1      | Reached XP level 1. HP: 18/18 MP: 1/1
   389 | D:1      | Discovered your monstrous ancestry.
   389 | D:1      | Gained mutation: You have a pair of small horns on your
                  | head. [demonic ancestry]
   389 | D:1      | Reached XP level 2. HP: 19/24 MP: 2/2
  1271 | D:2      | Gained mutation: You have sharp fingernails. [demonic
                  | ancestry]
  1271 | D:2      | Reached XP level 3. HP: 29/29 MP: 3/3
  1330 | D:2      | Found a hazy altar of Hepliaklqana.
  1662 | D:3      | Noticed Jessica
  1683 | D:3      | Killed Jessica
  1684 | D:3      | Gained mutation: A weak demonic guardian rushes to your
                  | aid. [demonic ancestry]
  1684 | D:3      | Reached XP level 4. HP: 7/35 MP: 4/4
  2401 | D:3      | Noticed Sigmund
  2414 | D:3      | HP: 1/36 [Sigmund/+0 scythe (10)]
  2417 | D:3      | Killed from afar by Sigmund

Illustrated notes

Levels and vault maps discovered:
D:1:      reono_arrival_mine, layout_rooms
D:2:      layout_basic, basic_altar, amcnicky_mini_rare_corridor_liquid,
          uniq_crazy_yiuf_cottage
D:3:      layout_basic, mainiacjoe_overflow_cross_hatched,
          shapermc_ecumenical_altar_petra, nicolae_kite_square_tiling_tiny,
          uniq_natasha, uniq_sigmund, uniq_jessica

Skill      XL: |  1  2  3 |
---------------+----------+-----
Stealth        | 2 |  2.6
Maces & Flails | 3 |  3.8
Dodging        | 3 |  3.2
Fighting       | |  3.6

Action                   |  1- 3 |  4- 6 || total
-------------------------+-------+-------++-------
Melee: Mace              |   100 |    31 ||   131
       Headbutt          |    14 |     4 ||    18
 Stab: Sleeping          |     3 |       ||     3
Armor: Robe              |    14 |     6 ||    20
Dodge: Dodged            |    75 |    17 ||    92

Table legend: (Time is in decaauts)
 A = Elapsed time spent in this place.
 B = Non-inter-level travel time spent in this place.
 C = Inter-level travel time spent in this place.
 D = Time resting spent in this place.
 E = Time spent auto-exploring this place.
 F = Levels seen in this place.
 G = Mean time per level.
                   A        B        C        D        E       F      G
               +--------+--------+--------+--------+--------+-----+--------+
         Total |   2447 |   2436 |     11 |      0 |   2037 |   3 |  815.7 |
       Dungeon |   2447 |   2436 |     11 |      0 |   2037 |   3 |  815.7 |
               +--------+--------+--------+--------+--------+-----+--------+

Top non-repeatable levels by time:
     D:1: 1274 daAuts
     D:3: 828 daAuts
     D:2: 344 daAuts
